 Dungeon Crawl Stone Soup version 0.28.0 (webtiles) character file.

Game seed: 7938614018534617817

5101 trckry the Spear-Bearer (level 10, -1/79 HPs)
             Began as a Merfolk Fighter on Feb 11, 2022.
             Was an Elder of Nemelex Xobeh.
             Slain by Erica (5 damage)
             ... on level 8 of the Dungeon on Feb 12, 2022.
             The game lasted 00:23:38 (9308 turns).

trckry the Spear-Bearer (Merfolk Fighter)           Turns: 9308, Time: 00:23:39

Health: -1/79      AC: 15    Str: 21    XL:     10   Next: 57%
Magic:  16/16      EV:  6    Int:  7    God:    Nemelex Xobeh [****..]
Gold:   518        SH:  6    Dex: 20    Spells: 9/9 levels left

rFire   . . .      SeeInvis .   a - +0 trident
rCold   + . .      Faith    .   c - +0 buckler
rNeg    . . .      Spirit   .   m - +0 plate armour
rPois   .          Reflect  .   (no helmet)
rElec   .          Harm     .   (no cloak)
rCorr   .          Rampage  .   E - +1 pair of gloves
Will    .....                   s - +0 pair of boots
Stlth   ..........              I - amulet of regeneration
HPRegen 1.03/turn               v - +6 ring of dexterity
MPRegen 0.15/turn               p - ring of protection from cold

@: slowed, very slow
A: (nimble swimmer 2), mertail
a: Renounce Religion, Draw Escape, Draw Destruction, Draw Summoning, Triple
Draw, Deal Four


You were on level 8 of the Dungeon.
You worshipped Nemelex Xobeh.
Nemelex Xobeh was greatly pleased with you.
You visited 1 branch of the dungeon, and saw 8 of its levels.
You also visited: Ossuary.

You collected 518 gold pieces.

Inventory:

Hand Weapons
 a - a +0 trident (weapon)
 j - a +0 triple crossbow
 D - a +2 dagger of venom
Missiles
 z - 2 poisoned darts (quivered)
 K - a curare-tipped dart
 L - a throwing net
Armour
 c - a +0 buckler (worn)
 m - a +0 plate armour (worn)
 s - a +0 pair of boots (worn)
 E - a +1 pair of gloves (worn)
Jewellery
 n - a ring of willpower
 p - a ring of protection from cold (right hand)
 v - a +6 ring of dexterity (left hand)
 C - a ring of resist corrosion
 I - an amulet of regeneration (around neck)
Wands
 b - a wand of acid (2)
 y - a wand of mindburst (16)
Scrolls
 e - 9 scrolls of identify {unknown}
 f - 4 scrolls of teleportation {unknown}
 k - a scroll of fog {unknown}
 o - a scroll of brand weapon {unknown}
 r - a scroll of immolation {unknown}
 t - 2 scrolls of enchant weapon {unknown}
 u - a scroll of acquirement {unknown}
 w - 4 scrolls of noise {unknown}
 G - a scroll of silence {unknown}
 H - 5 scrolls of fear {unknown}
 J - a scroll of enchant armour {unknown}
Potions
 d - a potion of might
 g - 3 potions of curing {unknown}
 h - 2 potions of magic {unknown}
 i - a potion of resistance {unknown}
 l - 4 potions of degeneration {unknown}
 q - 4 potions of heal wounds {unknown}
 x - 2 potions of berserk rage
 A - 2 potions of attraction {unknown}
 B - 2 potions of brilliance {unknown}
 F - 3 potions of mutation {unknown}


   Skills:
 + Level 7.1 Fighting
 + Level 9.2 Polearms
 + Level 5.0 Armour
 + Level 6.6 Shields
 * Level 8.7 Invocations
 + Level 5.4 Evocations


You had 9 spell levels left.
You didn't know any spells.
Your spell library contained the following spells:

 Spells                   Type           Power      Damage    Failure   Level
 Apportation              Tloc           0%         N/A       100%        1
 Magic Dart               Conj           0%         1d3       100%        1
 Searing Ray              Conj           0%         2d4       100%        2
 Conjure Flame            Conj/Fire      0%         6-21      100%        3
 Ignite Poison            Fire/Tmut/Pois 0%         N/A       100%        3
 Fulminant Prism          Conj/Hex       0%         3d6       100%        4
 Sticky Flame             Conj/Fire      0%         2d3       100%        4
 Alistair's Intoxication  Tmut/Pois      0%         N/A       100%        5


Dungeon Overview and Level Annotations

Branches:
Dungeon (8/15)             Temple (0/1) D:6         Ossuary (visited)
   Lair: D:8-11

Altars:
Nemelex Xobeh

Shops:
D:4 [:

Annotations:
D:8 Erica


Innate Abilities, Weirdness & Mutations

((You are very nimble when in or above water. (Stealth+, EV+, Speed+++)))
Your lower body shifts to a powerful aquatic tail in water.


Message History

You throw a poisoned dart.
You feel very sick.
You feel very sick.
You feel very sick.
The kobold throws a stone.
The stone hits you but does no damage.
You feel yourself slow down.
You feel very sick.
You are confused.
Okay, then.
You feel sick.
You feel sick.
You are more confused.
You feel sick.
The kobold unwields a +0 short sword.
The kobold wields a +0 hand crossbow.
The kobold shoots a bolt.
The bolt hits you but does no damage.
You feel as though you will be slow longer.
You're too confused to move!
You feel sick.
You are no longer poisoned.
The kobold throws a stone.
The stone hits you but does no damage.
The kobold shoots a bolt.
The bolt barely misses you. The kobold closely misses you.
The kobold shoots a bolt.
The bolt hits you but does no damage. Something hits you. Something burns you.
The kobold hits you but does no damage.
The kobold shoots a bolt.
The bolt hits you!
* * * LOW HITPOINT WARNING * * *
You feel less confused.
You hear some strange, mumbled words.
A lance of force appears from out of thin air!
The lance of force hits you.
* * * LOW HITPOINT WARNING * * *
You are knocked back by the lance of force.
You slam into the rock wall!
* * * LOW HITPOINT WARNING * * *
The kobold shoots a bolt.
The bolt hits you!
* * * LOW HITPOINT WARNING * * *
You block something's attack. The kobold hits you but does no damage.
The kobold shoots a bolt.
The bolt hits you but does no damage. Something hits you.
You die...
Your body glows slightly and disappears.

########## #........# ###
## #........#####...# .#
#........'()K(K..# .#
#........#####...# .#
#....K...# ..# .#
#........# .# .#
#########.{......# # .#
#........@KK.....#
.#######........#####'####
.'.....').......').......+
##''####)....)..##.......#
.......#........##.......#
.......#........##.......#
.####..#........'........#
.# #..#........##.....###
.# #).#.#####...'.....#


You could see 3 kobolds.

Vanquished Creatures
  6 yaks (D:8)
  A steam dragon (D:7)
  Menkaure (D:6)
  A naga (D:7)
  A water moccasin (D:7)
  A black bear (D:6)
  A necrophage (D:5)
  2 ice beasts
  A sky beast (D:7)
  A hornet zombie (D:6)
  2 orc warriors (D:8)
  4 ogres
  2 centaurs
  An elf zombie (Ossuary)
  4 kobold brigands
  3 bullfrogs
  A gnoll sergeant (D:5)
  A water moccasin zombie (D:5)
  2 scorpions
  A wyvern skeleton (D:5)
  A water moccasin skeleton (D:6)
  2 howler monkeys (D:4)
  2 centaur zombies
  4 hounds
  5 jellies
  3 orc priests
  An iguana (D:5)
  3 orc wizards
  A killer bee zombie (D:8)
  A hound skeleton (D:5)
  2 mummies (Ossuary)
  A howler monkey zombie (D:8)
  4 gnolls (D:5)
  6 adders
  2 white imps
  An ufetubus (D:5)
  An adder zombie (Ossuary)
  A worm (D:3)
  An adder skeleton (D:2)
  A dart slug (D:4)
  18 orcs
  11 endoplasms
  3 giant cockroaches (D:2)
  6 goblins
  11 hobgoblins
  10 jackals
  3 quokkas
  3 ball pythons
  A bat (D:2)
  5 frilled lizards
  3 goblin zombies (Ossuary)
  10 hobgoblin zombies (Ossuary)
  2 jackal zombies (Ossuary)
  26 kobolds
  7 kobold zombies (Ossuary)
  10 orc zombies (Ossuary)
  5 rats
  A rat zombie (Ossuary)
  A butterfly (D:6)
216 creatures vanquished.

Vanquished Creatures (collateral kills)
  A two-headed ogre (D:7)
  A wraith (D:5)
2 creatures vanquished.

Grand Total: 218 creatures vanquished

Notes
Turn   | Place    | Note
-------+----------+-------------------------------------------
     0 | D:1      | trckry the Merfolk Fighter began the quest for the Orb.
     0 | D:1      | Reached XP level 1. HP: 18/18 MP: 1/1
     1 | D:1      | Noticed an electric eel
    88 | D:1      | Reached XP level 2. HP: 24/24 MP: 2/2
   361 | D:1      | Reached XP level 3. HP: 24/29 MP: 3/3
   366 | D:1      | Reached skill level 4 in Polearms
   514 | D:1      | Found a faded altar of an unknown god.
   589 | D:1      | Prayed at the altar of an unknown god.
   589 | D:1      | Became a worshipper of Nemelex Xobeh the Trickster
   589 | D:1      | Reached * piety under Nemelex Xobeh
   589 | D:1      | Received a gift from Nemelex Xobeh
  1068 | D:2      | Found a sparkling altar of Nemelex Xobeh.
  1070 | D:2      | Reached ** piety under Nemelex Xobeh
  1328 | D:2      | Received a gift from Nemelex Xobeh
  1386 | D:2      | Reached skill level 1 in Invocations
  1411 | D:2      | Reached XP level 4. HP: 37/37 MP: 4/4
  1719 | D:3      | Noticed an ice beast
  1743 | D:3      | Killed an ice beast
  1744 | D:3      | Reached XP level 5. HP: 25/42 MP: 4/6
  2032 | D:3      | Reached skill level 1 in Evocations
  2747 | D:4      | Reached XP level 6. HP: 37/48 MP: 6/8
  2851 | D:4      | Found Dosaap's Book Shop.
  2880 | D:4      | Reached skill level 5 in Polearms
  3216 | D:4      | Found Rirghot's Antique Armour Emporium.
  3292 | D:4      | Reached XP level 7. HP: 34/55 MP: 9/9
  3446 | D:4      | Reached *** piety under Nemelex Xobeh
  3693 | D:5      | Entered Level 5 of the Dungeon
  4295 | D:5      | Reached skill level 6 in Polearms
  4295 | D:5      | Reached XP level 8. HP: 21/61 MP: 11/11
  4310 | D:5      | HP: 6/61 [ogre (13)]
  4589 | D:5      | Reached skill level 5 in Fighting
  4793 | D:5      | Reached skill level 5 in Invocations
  4957 | D:5      | Noticed a wraith
  4966 | D:5      | Killed a wraith
  5482 | D:5      | Reached skill level 5 in Shields
  5598 | D:6      | Found a staircase to the Ecumenical Temple.
  5688 | D:6      | Reached skill level 7 in Polearms
  5786 | D:6      | Reached XP level 9. HP: 47/69 MP: 13/13
  5839 | D:6      | HP: 7/69 [kobold brigand (6)]
  6263 | D:6      | Received a gift from Nemelex Xobeh
  6431 | D:6      | Noticed Menkaure
  6434 | D:6      | Killed Menkaure
  7155 | D:7      | HP: 10/69 [poisoned by a naga]
  7583 | D:7      | Reached skill level 8 in Polearms
  7636 | D:7      | Reached **** piety under Nemelex Xobeh
  7708 | D:7      | Noticed a two-headed ogre
  8030 | D:7      | Killed a two-headed ogre
  8031 | D:7      | Reached XP level 10. HP: 77/77 MP: 15/15
  8181 | D:8      | Received a gift from Nemelex Xobeh
  8317 | D:8      | Reached skill level 5 in Evocations
  8443 | D:8      | Reached skill level 9 in Polearms
  8512 | D:8      | Found a sand-covered staircase.
  8517 | Ossuary  | Entered an ossuary
  9198 | D:8      | Reached skill level 5 in Armour
  9271 | D:8      | Noticed Erica
  9307 | D:8      | HP: 10/79 [something (10)]
  9307 | D:8      | HP: 3/79 [kobold/bolt (7)]
  9308 | D:8      | Slain by Erica

Illustrated notes

Levels and vault maps discovered:
D:1:      arrival_aquarium_a, layout_rooms, basic_ecumenical_altar
D:2:      layout_basic, basic_altar
D:3:      layout_basic, hangedman_decor_points, kennysheep_generic_room_8
D:4:      layout_rooms, serial_shops, nicolae_shop_hallway_stairs, shop,
          interstate_on_off, grunt_ministairs_14
D:5:      layout_basic, kennysheep_diamond
D:6:      layout_loops_ring, minmay_temple_entry_butterflies, uniq_menkaure
D:7:      layout_rooms, hex_medium, grunt_ministairs_9
D:8:      layout_basic, enter_ossuary_5, kennysheep_generic_room_6, uniq_erica

Skill      XL: |  1  2  3  4  5  6  7  8  9 10 |
---------------+-------------------------------+-----
Polearms       | 4 5 6 7 8 9 |  9.2
Invocations    | 1 2 3 4 6 7 8 |  8.7
Fighting       | 4 5 6 7 |  7.1
Evocations     | 1 2 3 4 5 |  5.4
Armour         | 3 4 5 |  5.0
Shields        | 4 5 6 |  6.6

Action                   |  1- 3 |  4- 6 |  7- 9 | 10-12 || total
-------------------------+-------+-------+-------+-------++-------
Melee: Trident           |   112 |   167 |   337 |   310 ||   926
Throw: Dart              |       |       |    18 |    19 ||    37
Invok: Draw Destruction  |       |     2 |    11 |     3 ||    16
       Draw Summoning    |       |       |     2 |       ||     2
       Draw Escape       |       |       |     1 |       ||     1
Evoke: Wand              |       |       |       |     1 ||     1
Armor: Scale mail        |    39 |       |       |       ||    39
       Plate armour      |    10 |   101 |   192 |   138 ||   441
Dodge: Dodged            |    23 |    36 |    70 |    55 ||   184
Block: Buckler           |     9 |    39 |    82 |    76 ||   206
